 Dungeon Crawl Stone Soup version 0.28.0-53-g5a82cb258f (webtiles) character file.

Game seed: 10565926805205374938

1560 cbfl8 the Chopper (level 8, -2/63 HPs)
             Began as a Demonspawn Berserker on July 19, 2022.
             Was a Believer of Trog.
             Slain by a yak (6 damage)
             ... on level 6 of the Dungeon.
             The game lasted 00:13:49 (9616 turns).

cbfl8 the Chopper (Demonspawn Berserker)            Turns: 9616, Time: 00:13:50

Health: -2/63      AC:  5    Str: 20    XL:     8   Next: 58%
Magic:  8/8        EV: 14    Int: 13    God:    Trog [**....]
Gold:   256        SH:  0    Dex: 18    Spells: 7/7 levels left

rFire   . . .      SeeInvis .   A - +2 war axe (freeze)
rCold   . . .      Faith    .   f - orb {mayhem}
rNeg    . . .      Spirit   .   (no armour)
rPois   .          Reflect  .   (no helmet)
rElec   .          Harm     .   (no cloak)
rCorr   .          Rampage  .   p - +0 pair of gloves
Will    .....                   (no boots)
Stlth   ++........              (no amulet)
HPRegen 0.20/turn               F - +6 ring of dexterity
MPRegen 0.22/turn               o - +4 ring of protection

@: brilliant, on berserk cooldown, slowed, very slow
A: claws 1, magic regeneration, big brain 2
a: Renounce Religion, Berserk, Trog's Hand


You were on level 6 of the Dungeon.
You worshipped Trog.
Trog was pleased with you.
You visited 1 branch of the dungeon, and saw 6 of its levels.

You collected 256 gold pieces.

Inventory:

Hand Weapons
 a - a +0 hand axe
 s - a +0 war axe
 u - the +2 rapier "Ozam Zas" {venom, Fly rPois rF+ Str+3}
   (You found it on level 4 of the Dungeon)

   It poisons the flesh of those it strikes.
   Str:       It affects your strength (+3).
   rF:        It protects you from fire.
   rPois:     It protects you from poison.
   Fly:       It grants you flight.
 A - a +2 war axe of freezing (weapon)
Armour
 b - a +0 animal skin
 f - an orb of mayhem (worn)
 i - a +0 ring mail
 p - a +0 pair of gloves (worn)
 r - a +0 scale mail
 z - a +0 plate armour
Jewellery
 j - a ring of ice
 o - a +4 ring of protection (right hand)
 F - a +6 ring of dexterity (left hand)
Wands
 C - a wand of paralysis (7)
Scrolls
 d - 5 scrolls of identify {unknown}
 e - 3 scrolls of enchant armour {unknown}
 g - 2 scrolls of noise {unknown}
 k - 5 scrolls of teleportation {unknown}
 l - 2 scrolls of fear {unknown}
 m - a scroll of fog {unknown}
 v - a scroll of holy word {unknown}
 w - a scroll of magic mapping {unknown}
 x - a scroll of torment {unknown}
 y - 2 scrolls of vulnerability {unknown}
 H - a scroll of blinking {unknown}
Potions
 c - a potion of might {unknown}
 h - a potion of brilliance
 n - a potion of cancellation {unknown}
 q - a potion of lignification {unknown}
 t - a potion of mutation {unknown}
 D - 2 potions of attraction {unknown}
 E - 2 potions of resistance {unknown}
 G - a potion of magic {unknown}


   Skills:
 + Level 5.5 Fighting
 + Level 2.3 Short Blades
 + Level 6.9 Axes
 + Level 4.4 Armour
 + Level 3.8 Dodging
 + Level 1.5 Stealth


You had 7 spell levels left.
You didn't know any spells.
Your spell library was empty.

Dungeon Overview and Level Annotations

Branches:
Dungeon (6/15)
 Temple: D:4-7

Altars:
Fedhas
Makhleb
Ru
Uskayaw
Vehumet
Xom


Innate Abilities, Weirdness & Mutations

You have sharp fingernails.
You regenerate magic rapidly.
You have an extremely huge brain. (Int +4)


Message History

You slash the yak! You freeze the yak.
The yak is almost dead.
You barely miss the yak.
The yak is almost dead.
The yak gores you!
* * * LOW HITPOINT WARNING * * *
You slash the yak! You freeze the yak.
You feel the power of Trog in you as your rage grows.
You kill the yak!
Trog accepts your kill.
The yak flies into a frenzy!
The yak gores the yak but does no damage.
The yak gores the yak.
You barely miss the yak.
The yak barely misses the yak. x2
The yak gores the yak!
The yak closely misses you.
You hit the yak. You freeze the yak.
The yak is lightly wounded.
The yak gores the yak! x3
You slice the yak!! You freeze the yak.
The yak is almost dead.
The yak gores the yak!
The yak gores you!
* * * LOW HITPOINT WARNING * * *
The yak barely misses the yak.
The yak gores the yak!
The yak dies!
You slice the yak!! You freeze the yak.
You kill the yak!
Trog accepts your kill.
You feel a strong urge to attack something.
You feel your anger nearly subside.
You are no longer berserk.
You are exhausted.
You feel yourself slow down.
You feel better.
You feel better. The yak barely misses you.
The yak gores you but does no damage. The yak gores you!
* * * LOW HITPOINT WARNING * * *
Okay, then.
It was a potion of brilliance.
You feel clever all of a sudden. The yak misses you. The yak gores you.
You die...

####....# #.#.....#
........###.####..#
###.#.#...........#
....#.#.###.####.##
##..#...#...# #.#
##..#...#.#.# #.#
........#.#.####.############
....)...#...#...YY......†.†.#
#..##...#...#.##@##########.#
...<#.#.#...#.##.#
...##.#...(.#.##.#
...##.#.....#.##'#######
...##.#.....#..........#
...##.##.####..........#
.......................#
..###.###..#####.#..<..#
..#....................#


You could see 2 yaks.

Vanquished Creatures
  2 yaks (D:6)
  The ghost of Soldner the Skirmisher, an amateur MiFi (D:3)
  An orc warrior (D:4)
  2 ogres (D:3)
  2 centaurs
  A water moccasin zombie (D:5)
  A wyvern skeleton (D:5)
  3 crimson imps (D:4)
  A hound (D:6)
  3 orc priests
  A gnoll shaman (D:5)
  2 iguanas
  Ijyb (D:5)
  A hound zombie (D:5)
  4 gnolls (D:5)
  13 adders
  An ufetubus (D:5)
  3 dart slugs
  15 orcs
  6 endoplasms
  A giant cockroach (D:2)
  5 goblins
  4 hobgoblins
  7 kobolds
  2 quokkas (D:1)
  10 ball pythons
  8 bats
  7 frilled lizards
  4 rats
112 creatures vanquished.

Vanquished Creatures (collateral kills)
  A gnoll (D:5)
  An orc (D:6)
2 creatures vanquished.

Vanquished Creatures (others)
  A yak (D:6)
  A dart slug (D:3)
2 creatures vanquished.

Grand Total: 116 creatures vanquished

Notes
Turn   | Place    | Note
-------+----------+-------------------------------------------
     0 | D:1      | cbfl8 the Demonspawn Berserker began the quest for the Orb.
     0 | D:1      | Reached XP level 1. HP: 18/18 MP: 1/1
    20 | D:1      | Found a faded altar of an unknown god.
   224 | D:1      | Gained mutation: You have an unusually large brain. (Int
                  | +2) [demonic ancestry]
   224 | D:1      | Reached XP level 2. HP: 10/24 MP: 2/2
   461 | D:1      | Reached skill level 3 in Axes
  1084 | D:1      | Gained mutation: You have an extremely huge brain. (Int +4)
                  | [demonic ancestry]
  1084 | D:1      | Reached XP level 3. HP: 27/29 MP: 3/3
  1546 | D:2      | Reached ** piety under Trog
  2087 | D:2      | Reached XP level 4. HP: 36/36 MP: 4/4
  3476 | D:3      | Found a transporter.
  3482 | D:3      | Found a transporter.
  3483 | D:3      | Noticed Soldner's ghost (amateur MiFi)
  3483 | D:3      | Noticed an ogre
  3486 | D:3      | Noticed an ogre
  4074 | D:3      | Reached skill level 4 in Axes
  4079 | D:3      | Gained mutation: You regenerate magic rapidly. [demonic
                  | ancestry]
  4079 | D:3      | Reached XP level 5. HP: 42/42 MP: 5/5
  4544 | D:3      | Found a blossoming altar of Fedhas.
  4631 | D:3      | Killed an ogre
  4635 | D:3      | Killed an ogre
  4636 | D:3      | Reached XP level 6. HP: 10/48 MP: 6/6
  4638 | D:3      | Killed Soldner's ghost
  4639 | D:3      | Reached skill level 5 in Axes
  5104 | D:4      | Noticed an orc warrior
  5452 | D:4      | Identified the +2 rapier "Ozam Zas" {venom, Fly rPois rF+
                  | Str+3}
  5499 | D:4      | Found a radiant altar of Vehumet.
  5660 | D:4      | Identified the +2 leather armour of the Sturgeon {Fly MP-9
                  | Str+7}
  5839 | D:4      | Found a shimmering altar of Xom.
  5944 | D:4      | Reached XP level 7. HP: 55/55 MP: 7/7
  5967 | D:4      | Paralysed by a crimson imp for 3 turns
  6269 | D:4      | Reached skill level 1 in Short Blades
  6954 | D:5      | Entered Level 5 of the Dungeon
  6959 | D:5      | Noticed Ijyb
  6965 | D:5      | Paralysed by Ijyb for 2 turns
  6966 | D:5      | Killed Ijyb
  7964 | D:5      | Reached skill level 1 in Stealth
  7964 | D:5      | Gained mutation: You have sharp fingernails. [demonic
                  | ancestry]
  7964 | D:5      | Reached XP level 8. HP: 24/61 MP: 8/8
  8414 | D:5      | Reached skill level 5 in Fighting
  8664 | D:6      | Found a sacrificial altar of Ru.
  9103 | D:6      | Found a hide-covered altar of Uskayaw.
  9276 | D:6      | Found a burning altar of Makhleb.
  9334 | D:6      | Reached skill level 6 in Axes
  9604 | D:6      | HP: 1/94 [yak (10)]
  9616 | D:6      | Slain by a yak

Illustrated notes

Levels and vault maps discovered:
D:1:      saegor_arrival_miasma, layout_loops_corners,
          chequers_ecumenical_altar_simple_redux
D:2:      layout_loops_ring, minmay_splitting_lines, minmay_snake_closets
D:3:      layout_loops_cross, mainiacjoe_overflow_alcove_2,
          gammafunk_ghost_smash, palyth_stone_intersect, uniq_crazy_yiuf_cottage
D:4:      layout_cave_pods, led_xom_imps, vehumet_crystals,
          hangedman_decor_diamond_cutter
D:5:      layout_loops_ring, uniq_ijyb
D:6:      layout_basic, makhleb_heckhound_becter, kennysheep_mini_moat,
          overflow_temple_1_default

Skill      XL: |  1  2  3  4  5  6  7  8 |
---------------+-------------------------+-----
Axes           | 3 4 5 6 |  6.9
Dodging        | 2 3 |  3.8
Armour         | 2 3 4 |  4.4
Fighting       | 4 5 |  5.5
Short Blades   | 2 |  2.3
Stealth        | 1 |  1.5

Action                   |  1- 3 |  4- 6 |  7- 9 || total
-------------------------+-------+-------+-------++-------
Melee: Hand axe          |    99 |    83 |       ||   182
       War axe           |       |    47 |    72 ||   119
       Rapier            |       |    21 |    59 ||    80
Invok: Berserk           |       |     1 |     5 ||     6
       Trog's Hand       |       |     1 |     1 ||     2
  Use: Potion            |       |       |     3 ||     3
 Stab: Sleeping          |     2 |       |     1 ||     3
Armor: Animal skin       |    14 |       |       ||    14
       Ring mail         |    13 |    24 |       ||    37
       Scale mail        |       |    50 |    18 ||    68
       Skin              |       |       |    33 ||    33
Dodge: Dodged            |    71 |    92 |    98 ||   261
